 Dungeon Sprint DCSS version 0.17-a0-1674-g2b13139 (webtiles) character file.

24 Kidiri the Sneak (level 2, -3/19 HPs)
             Began as a Spriggan Enchanter on Aug 18, 2015.
             Drowned by a water elemental (4 damage)
             ... in the Dungeon (Sprint III: "The Ten Rune Challenge").
             The game lasted 00:02:05 (389 turns).

Kidiri the Sneak (Spriggan Enchanter)                Turns: 389, Time: 00:02:05

Health: -3/19      AC:  3    Str:  9    XL:     2   Next: 79%
Magic:  8/8        EV: 20    Int: 16    God:
Gold:   22         SH:  0    Dex: 16    Spells: 2 memorised, 6 levels left

rFire  + . .     SeeInvis +     a - +1 dagger
rCold  + . .     Clarity  .     b - +1 robe
rNeg   . . .     SustAt   .     (shield restricted)
rPois  .         Gourm    .     (helmet restricted)
rElec  .         Spirit   .     (no cloak)
rCorr  .         Warding  .     (gloves unavailable)
rMut   .         NoTele   +     (boots unavailable)
MR     .....                    (no amulet)
Stlth  ..........               (no ring)
                                k - ring of protection from cold

@: berserking, engulfed (cannot breathe), very quick, not resistant to hostile
enchantments, extremely unstealthy
A: unfitting armour, see invisible, fire resistance 1, herbivore 3, speed 3,
slow metabolism 2
a: no special abilities


You were in the Dungeon.
You were not hungry.

You visited 1 branch You collected 22 gold pieces.

Inventory:

Hand weapons
 a - a +1 dagger (weapon)
Armour
 b - a +1 robe (worn)
Jewellery
 k - a ring of protection from cold (left hand)
Scrolls
 j - a scroll of blinking
 m - a scroll of torment
 n - a scroll of remove curse
 o - a scroll of identify
Potions
 e - a potion of curing
 g - a potion of haste
 h - 2 potions of magic
 r - 3 potions of flight
Books
 c - a book of Maledictions

   Spells                             Type                      Level
   a - Corona                         Hexes                        1
   b - Ensorcelled Hibernation        Hexes/Ice                    2
   c - Confuse                        Hexes                        3
   d - Tukima's Dance                 Hexes                        3
   e - Dazzling Spray                 Conjuration/Hexes            3
Comestibles
 d - a bread ration
 p - 2 royal jellies


   Skills:
 + Level 2.4 Short Blades
 * Level 4.9 Dodging
 * Level 6.4 Stealth
 * Level 4.3 Spellcasting
 + Level 4.1 Hexes
 + Level 0.0 Ice Magic


You had 6 spell levels left.
You knew the following spells:

 Your Spells              Type           Power        Failure   Level  Hunger
a - Corona                Hex            ###....      3%          1    None
b - Ensorcelled Hibernat  Hex/Ice        ##....       12%         2    ##.....


Dungeon Overview and Level Annotations

Branches:
Dungeon (1/1)

Altars:


Innate Abilities, Weirdness & Mutations

You are tiny and cannot use many weapons and most armour.
You have supernaturally acute eyesight.
You are a herbivore.
You cover ground extremely quickly.
You need consume almost no food.
Your flesh is heat resistant.


Message History

The water elemental is moderately damaged.
Your lungs strain for air!
The water elemental barely misses you.
You puncture the water elemental!
The water elemental is severely damaged.
Your lungs strain for air!
You barely miss the water elemental.
The water elemental is severely damaged.
* * * LOW HITPOINT WARNING * * *
Your lungs strain for air!
The water elemental misses you.
You are too injured to fight recklessly!
You are too injured to fight recklessly!
You hit the water elemental but do no damage.
The water elemental is severely damaged.
* * * LOW HITPOINT WARNING * * *
Your lungs strain for air!
You hit the water elemental but do no damage.
The water elemental is severely damaged.
You die...

▓...#......#####..#
▓..##.......#..#..#
▓##.##.##...#?.#..###+#+##
##.##.###..##+#..#.......
▓#.####.##..###...'.⌠.....
▓.###%.##..####...#...####
▓#.....##..###....#.⌠.#
###..##†..##.....#...#
##..##....#@E....#+###
#..###..##.#.....# #..#
#..#####....# ▓▓▓▓ ▓▓▓▓
▓▓▓▓▓▓


You could see a water elemental.

Vanquished Creatures
  A human (D)
  A phantom (D)
  4 rats (D)
6 creatures vanquished.

Vanquished Creatures (others)
  2 draconian scorchers (D)
  3 yaktaurs (D)
  4 plants (D)
9 creatures vanquished.

Grand Total: 15 creatures vanquished

Notes
Turn   | Place    | Note
--------------------------------------------------------------
     0 | D        | Kidiri the Spriggan Enchanter began the quest for the Orb.
     0 | D        | Reached XP level 1. HP: 9/9 MP: 5/5
    36 | D        | Reached skill level 5 in Stealth
    69 | D        | Reached skill level 6 in Stealth
    69 | D        | Reached XP level 2. HP: 8/13 MP: 4/8
    73 | D        | Learned a level 2 spell: Ensorcelled Hibernation
   115 | D        | Killed a yaktaur
   157 | D        | Killed a white draconian scorcher
   160 | D        | Killed a yaktaur
   244 | D        | Gained mutation: You are clumsy. (Dex -2) [potion of mutation]
   244 | D        | Gained mutation: Your muscles are strong. (Str +2) [potion of mutation]
   244 | D        | Lost mutation: Your muscles are strong. (Str +2) [potion of mutation]
   245 | D        | Lost mutation: You are clumsy. (Dex -2) [potion of cure mutation]
   246 | D        | Gained mutation: You are clumsy. (Dex -2) [potion of mutation]
   246 | D        | Gained mutation: You are robust (+10% HP). [potion of mutation]
   246 | D        | Gained mutation: You are dopey. (Int -2) [potion of mutation]
   247 | D        | Lost mutation: You are dopey. (Int -2) [potion of cure mutation]
   247 | D        | Lost mutation: You are robust (+10% HP). [potion of cure mutation]
   247 | D        | Lost mutation: You are clumsy. (Dex -2) [potion of cure mutation]
   248 | D        | Gained mutation: You are frail (-10% HP). [potion of mutation]
   248 | D        | Gained mutation: You occasionally shout uncontrollably at your foes. [potion of mutation]
   248 | D        | Gained mutation: Your flesh is heat resistant. [potion of mutation]
   249 | D        | Lost mutation: You occasionally shout uncontrollably at your foes. [potion of cure mutation]
   249 | D        | Lost mutation: You are frail (-10% HP). [potion of cure mutation]
   249 | D        | Killed a white draconian scorcher
   372 | D        | Noticed a water elemental
   372 | D        | Killed a yaktaur
   389 | D        | Drowned by a water elemental

Vault maps used:
D:        dungeon_sprint_mu

Action                   || total
-------------------------++-------
Melee: Dagger            ||    18
 Cast: Corona            ||     2
  Use: Potion            ||     8
       Scroll            ||     3
 Stab: Sleeping          ||     6
